 Dungeon Crawl Stone Soup version 0.29-a0-962-gc8bbfd0a37 (webtiles) character file.

Game seed: 10313713298287261807

52 quixfox the Digger (level 3, -2/19 HPs)
             Began as a Gargoyle Earth Elementalist on July 30, 2022.
             Killed by divine providence
             ... invoked by an orc priest
              (13 damage)
             ... on level 3 of the Dungeon.
             The game lasted 00:03:16 (2031 turns).

quixfox the Digger (Gargoyle Earth Elementalist)    Turns: 2031, Time: 00:03:17

Health: -2/19      AC:  5    Str: 11    XL:     3   Next: 85%
Magic:  5/7        EV: 11    Int: 17    God:
Gold:   104        SH:  0    Dex: 10    Spells: 1/7 levels left

rFire   . . .      SeeInvis .   n - +0 whip (elec)
rCold   . . .      Faith    .   (no shield)
rNeg    + . .      Spirit   .   a - +0 robe
rPois   ∞          Reflect  .   (no helmet)
rElec   +          Harm     .   (no cloak)
rCorr   .          Rampage  .   (no gloves)
Will    .....                   (no boots)
Stlth   ++........              (no amulet)
HPRegen 0.06/turn               (no ring)
MPRegen 0.10/turn               (no ring)

@: very slightly contaminated
A: sickness immunity, AC +3, negative energy resistance 1, electricity
resistance, torment resistance 1, petrification resistance
a: no special abilities


You were on level 3 of the Dungeon.
You visited 1 branch of the dungeon, and saw 3 of its levels.

You collected 104 gold pieces.

Inventory:

Hand Weapons
 n - a +0 whip of electrocution (weapon)
Missiles
 h - 3 silver javelins
 j - 9 poisoned darts
Armour
 a - a +0 robe (worn)
Scrolls
 g - 2 scrolls of fear {unknown}
 i - a scroll of acquirement {unknown}
 k - a scroll of teleportation {unknown}
 l - a scroll of torment {unknown}
 q - a scroll of poison {unknown}
Potions
 b - a potion of magic
 c - a potion of heal wounds {unknown}
 d - 2 potions of might {unknown}
 e - 2 potions of ambrosia {unknown}
 f - a potion of resistance {unknown}
 m - a potion of curing {unknown}
 o - a potion of degeneration {unknown}
 p - a potion of mutation {unknown}


   Skills:
 - Level 1.5 Dodging
 - Level 2.1 Stealth
 + Level 2.9 Spellcasting
 + Level 1.0 Conjurations
 - Level 0.7 Transmutations
 + Level 4.6 Earth Magic


You had one spell level left.
You knew the following spells:

 Your Spells              Type           Power      Damage    Failure   Level
a - Sandblast             Erth           36%        2d10      2%          1
b - Passwall              Tmut/Erth      9%         N/A       9%          2
c - Stone Arrow           Conj/Erth      24%        3d8       17%         3

Your spell library contained the following spells:

 Spells                   Type           Power      Damage    Failure   Level
 Apportation              Tloc           4%         N/A       19%         1
 Necrotise                Necr           8%         1d4       19%         1
 Summon Small Mammal      Summ           8%         N/A       19%         1
 Call Canine Familiar     Summ           2%         N/A       47%         3
 Summon Guardian Golem    Hex/Summ       2%         N/A       47%         3
 Petrify                  Tmut/Erth      11%        N/A       52%         4


Dungeon Overview and Level Annotations

Branches:
Dungeon (3/15)

Altars:
Hepliaklqana


Innate Abilities, Weirdness & Mutations

You are immune to sickness and miasma.
Your stone body is resilient. (AC +3)
You are immune to poison.
You resist negative energy. (rN+)
You are resistant to electric shocks. (rElec)
You are resistant to unholy torment.
You are immune to petrification.


Message History

Where to? (Enter - D:2, ? - help)
What level of the Dungeon? (default 1, ? - help)
You open the door.
There is an open door here.
There is a stone staircase leading down here.
You climb downwards.
Found three items.
Found a hazy altar of Hepliaklqana.
There is a stone staircase leading up here.
There are monsters nearby!
The blast of sand hits the frilled lizard!
You kill the frilled lizard!
Your line of fire to the bat is blocked by a plant.
Aiming: Sandblast (safe; 2% risk of failure)
Press: ? - help, Q - select action, (/) - cycle Shift-Dir - straight line, f/p - bat
Aim: a bat (asleep, 100% to hit)
The blast of sand hits the bat.
You kill the bat!
There is a stone staircase leading up here.
q - a scroll labelled XOGHOA GAOCRE An orc priest comes into view.
It is wielding a +0 war axe.
The orc priest shouts!
The orc priest invokes the aid of Beogh against you.
Beogh smites you!
You see here a scroll labelled FEROFO VAKUD.
Aiming: Sandblast (safe; 2% risk of failure)
Press: ? - help, Q - select action, (/) - cycle Shift-Dir - straight line, f - orc priest
Aim: an orc priest, wielding a +0 war axe (82% to hit)
You miscast Sandblast.
You are very lightly contaminated with residual magic.
Nothing appears to happen.
The orc priest looks satisfied for a moment.
Aiming: Sandblast (safe; 2% risk of failure)
Press: ? - help, Q - select action, (/) - cycle Shift-Dir - straight line, f/p - orc priest
Aim: an orc priest, wielding a +0 war axe (82% to hit)
The blast of sand hits the orc priest.
The orc priest is moderately wounded.
The orc priest invokes the aid of Beogh against you.
Beogh smites you!
Ouch! That really hurt!
You die...

##..........
#..........##
#...........
###.o.....P.# #
.........?P.##...
........§§..P....
#.....P.§.#.P..#
#....@§§P......#
#....§...§.....
#....†..PP...#
#......§P§P.#P#
##.....<.#§..§#
##...§..PP..#
####.....###
#......# #...####


You could see an orc priest.

Vanquished Creatures
  A dart slug (D:2)
  6 endoplasms
  2 giant cockroaches
  6 goblins
  5 hobgoblins
  2 quokkas (D:2)
  2 ball pythons (D:1)
  7 bats
  5 frilled lizards
  5 kobolds
  6 rats
47 creatures vanquished.

Notes
Turn   | Place    | Note
-------+----------+-------------------------------------------
     0 | D:1      | quixfox the Gargoyle Earth Elementalist began the quest for
                  | the Orb.
     0 | D:1      | Reached XP level 1. HP: 10/10 MP: 3/3
   256 | D:1      | Reached XP level 2. HP: 15/15 MP: 5/5
   260 | D:1      | Reached skill level 4 in Earth Magic
   893 | D:1      | Reached XP level 3. HP: 19/19 MP: 5/7
   896 | D:1      | Learned a level 2 spell: Passwall
   900 | D:1      | Learned a level 3 spell: Stone Arrow
  1765 | D:2      | Reached skill level 1 in Conjurations
  2014 | D:3      | Found a hazy altar of Hepliaklqana.
  2031 | D:3      | Killed from afar by an orc priest

Illustrated notes

Levels and vault maps discovered:
D:1:      nzn_arrival_settlement, layout_basic, fountainhead
D:2:      layout_basic, minmay_large_rounded_square
D:3:      layout_rooms, nicolae_hepliaklqana_hazy_memory,
          dancing_weapons_uskayaw, serial_co_window_serial, co_window_corner_a,
          co_window_paths_b, co_window_paths_a, co_window_paths_b,
          co_window_corner_a, co_window_2corner, co_window_corner_b,
          co_window_paths_c, co_window_2corner, co_window_broadway_b,
          minmay_surrounded

Skill      XL: |  1  2  3 |
---------------+----------+-----
Earth Magic    | 4 |  4.6
Conjurations   | 1 |  1.0
Dodging        | |  1.5
Stealth        | |  2.1
Spellcasting   | |  2.9
Transmutations | |  0.7

Action                   || total
-------------------------++-------
Melee: Dagger            ||     6
 Cast: Sandblast         ||    54
 Stab: Sleeping          ||     2
Armor: Robe              ||     9
Dodge: Dodged            ||    10

Table legend: (Time is in decaauts)
 A = Elapsed time spent in this place.
 B = Non-inter-level travel time spent in this place.
 C = Inter-level travel time spent in this place.
 D = Time resting spent in this place.
 E = Time spent auto-exploring this place.
 F = Levels seen in this place.
 G = Mean time per level.
                   A        B        C        D        E       F      G
               +--------+--------+--------+--------+--------+-----+--------+
         Total |   2083 |   2004 |     79 |      0 |   1678 |   3 |  694.3 |
       Dungeon |   2083 |   2004 |     79 |      0 |   1678 |   3 |  694.3 |
               +--------+--------+--------+--------+--------+-----+--------+

Top non-repeatable levels by time:
     D:1: 1374 daAuts
     D:2: 690 daAuts
     D:3: 18 daAuts
